 Dungeon Crawl Stone Soup version 0.30-a0-728-gc68057be0a (webtiles) character file.

Game seed: 145394495195809888

216018 Esekla the Nimble (level 19, -9/134 HPs)
             Began as an Octopode Delver on Jan 30, 2023.
             Was an Initiate of Gozag.
             Mangled by Donald
             ... wielding a +2 eveningstar of freezing
              (40 damage)
             ... on level 2 of the Shoals on Feb 1, 2023.
             The game lasted 05:04:01 (36457 turns).

Esekla the Nimble (Octopode Delver)                Turns: 36457, Time: 05:04:01

Health: -9/134     AC: 12    Str: 12    XL:     19   Next: 4%
Magic:  23/35      EV: 23    Int: 21    God:    Gozag
Gold:   2388       SH: 18    Dex: 21    Spells: 7/43 levels left

rFire   + + .      SeeInvis +    a - +9 long sword (protect)
rCold   + . .      Faith    .    q - +5 kite shield {reflect}
rNeg    + + .      Spirit   .    D - +3 hat of Ugyt {rN++ Will+}
rPois   +          Reflect  +    Z - amulet of Vitality {RegenMP++ Regen++}
rElec   +          Harm     .    h - +4 ring of protection
rCorr   +          Rampage  .    O - +4 ring of protection
Will    ++++.                    S - ring of willpower
Stlth   ++++++                   T - ring of willpower
HPRegen 2.02/turn                F - ring "Hidydiff" {rPois Int+3 Dex+6}
MPRegen 1.04/turn                o - ring of Buenlaefuawk {rElec rF+ rCorr SInv}
                                 E - ring of Odai {rPois rF+ rC+}
                                 (no ring)

@: gold aura, on blink cooldown, studying 2 skills
A: almost no armour, amphibious, 8 rings, camouflage 1, gelatinous body 1,
nimble swimmer 1, tentacles
}: 1/15 runes: serpentine
a: Renounce Religion, Potion Petition, Call Merchant, Bribe Branch


You were on level 2 of the Shoals.
You worshipped Gozag.
Gozag was most pleased with you.
You visited 5 branches of the dungeon, and saw 28 of its levels.
You also visited: Bailey, Gauntlet and Volcano.

You collected 15418 gold pieces.
You spent 9573 gold pieces at shops.
You paid 3457 gold pieces to Gozag.

Inventory:

Hand Weapons
 a - a +9 long sword of protection (weapon)
 e - a +2 dagger of electrocution
 f - a +1 double sword of flaming
 r - the +9 lance "Wyrmbane" {slay drac, rPois rF+ rC+ AC+3}
   (You bought it in a shop on level 2 of the Orcish Mines)

   AC:        It affects your AC (+3).
   rF:        It protects you from fire.
   rC:        It protects you from cold.
   rPois:     It protects you from poison.
 v - a +2 dagger of venom
 w - a +7 long sword of holy wrath
Missiles
 c - 43 poisoned darts
 j - 13 javelins
 G - 34 boomerangs (quivered)
 Y - 6 silver javelins
Armour
 q - a +5 kite shield of reflection (worn)
 D - the +3 hat of Ugyt (worn) {rN++ Will+}
   (You found it on level 4 of the Snake Pit)

   rN:        It greatly protects you from negative energy.
   Will:      It increases your willpower.
 N - a +0 kite shield of protection
Jewellery
 h - a +4 ring of protection (left tentacle)
 o - the ring of Buenlaefuawk (on tentacle) {rElec rF+ rCorr SInv}
   (You found it in a Gauntlet)

   [ring of see invisible]

   rF:        It protects you from fire.
   rElec:     It insulates you from electricity.
   SInv:      It lets you see invisible.
   rCorr:     It protects you from acid and corrosion.
 t - a ring of wizardry
 y - a ring of ice
 E - the ring of Odai (on tentacle) {rPois rF+ rC+}
   (You bought it in a shop on level 8 of the Dungeon)

   [ring of protection from cold]

   rF:        It protects you from fire.
   rC:        It protects you from cold.
   rPois:     It protects you from poison.
 F - the ring "Hidydiff" (on tentacle) {rPois Int+3 Dex+6}
   (You acquired it on level 2 of the Orcish Mines)

   [ring of dexterity]

   Int:       It affects your intelligence (+3).
   Dex:       It affects your dexterity (+6).
   rPois:     It protects you from poison.
 O - a +4 ring of protection (right tentacle)
 S - a ring of willpower (on tentacle)
 T - a ring of willpower (on tentacle)
 Z - the amulet of Vitality (around mantle) {RegenMP++ Regen++}
   (You bought it in a shop on level 8 of the Dungeon)

   [amulet of magic regeneration]

   It increases your rate of magic regeneration.
   Regen:     It increases your rate of health regeneration.
Wands
 d - a wand of iceblast (15)
 i - a wand of acid (14)
 k - a wand of mindburst (27)
 H - a wand of paralysis (27)
 J - a wand of digging (1)
Scrolls
 b - 5 scrolls of fog
 m - 3 scrolls of fear
 n - 3 scrolls of blinking
 u - 2 scrolls of torment
 x - 4 scrolls of teleportation
 C - 3 scrolls of poison
 P - 5 scrolls of silence
 W - 3 scrolls of magic mapping
 X - 3 scrolls of enchant weapon
Potions
 g - 4 potions of heal wounds
 l - 2 potions of might
 p - 9 potions of curing
 s - 5 potions of haste
 z - a potion of experience
 A - 2 potions of ambrosia
 B - 3 potions of flight
 I - 6 potions of brilliance
 L - 6 potions of attraction
 M - 8 potions of magic
 Q - 3 potions of cancellation
 U - a potion of invisibility
 V - a potion of berserk rage
Miscellaneous
 K - a lightning rod (4/4)


   Skills:
 + Level 13.3 Fighting
 * Level 13.6 Long Blades
 * Level 6.9 Polearms
 * Level 14.6 Dodging
 - Level 7.0 Stealth
 - Level 10.0 Shields
 * Level 12.5 Spellcasting
 + Level 10.2 Conjurations
 - Level 3.0 Summonings
 * Level 5.7 Necromancy
 - Level 4.0 Translocations
 * Level 5.5 Transmutations
 * Level 2.7 Fire Magic
 + Level 5.4 Ice Magic
 + Level 7.9 Air Magic
 * Level 5.8 Earth Magic
 - Level 8.1 Poison Magic


You had 7 spell levels left.
You knew the following spells:

 Your Spells              Type           Power      Damage    Failure   Level
a - Ozocubu's Armour      Ice            35%        N/A       3%          3
b - Blink                 Tloc           60%        N/A       3%          2
c - Mephitic Cloud        Conj/Pois/Air  50%        N/A       1%          3
d - Vampiric Draining     Necr           37%        2d8       3%          3
e - Searing Ray           Conj           100%       2d8       1%          2
k - Airstrike             Air            23%        2d(4-20)  4%          4
n - Ignite Poison         Fire/Tmut/Pois 36%        N/A       3%          3
p - Apportation           Tloc           60%        N/A       1%          1
s - Summon Lightning Spi  Summ/Air       36%        N/A       12%         4
v - Poisonous Vapours     Pois/Air       92%        N/A       1%          2
y - Sticky Flame          Conj/Fire      40%        2d6       8%          4
z - Freezing Cloud        Conj/Ice/Air   23%        6-21      12%         5

Your spell library contained the following spells:

 Spells                   Type           Power      Damage    Failure   Level
 Magic Dart               Conj           100%       1d8       1%          1
 Necrotise                Necr           100%       1d9       1%          1
 Cigotuvi's Dreadful Rot  Necr/Pois/Air  86%        N/A       1%          2
 Momentum Strike          Conj/Tloc      86%        3d10      1%          2
 Static Discharge         Conj/Air       100%       2-7/arc   1%          2
 Hailstorm                Conj/Ice       46%        3d11      1%          3
 Stone Arrow              Conj/Erth      94%        3d12      1%          3
 Vhi's Electric Charge    Tloc/Air       76%        N/A       2%          3
 Summon Small Mammal      Summ           100%       N/A       3%          1
 Lesser Beckoning         Tloc           60%        N/A       3%          2
 Call Imp                 Summ           25%        N/A       4%          2
 Kindle Blastsparks       Fire/Tloc/Air  66%        2d15      4%          3
 Iskenderun's Mystic Bla  Conj/Tloc      43%        2d10      6%          4
 Arcjolt                  Conj/Air       25%        1d35      8%          5
 Lightning Bolt           Conj/Air       25%        1d41      8%          5
 Petrify                  Tmut/Erth      37%        N/A       11%         4
 Ice Form                 Ice/Tmut       36%        N/A       12%         4
 Fulminant Prism          Conj/Hex       17%        3d10      13%         4
 Portal Projectile        Hex/Tloc       42%        N/A       14%         3
 Inner Flame              Hex/Fire       18%        N/A       19%         3
 Summon Ice Beast         Ice/Summ       30%        N/A       19%         4
 Passage of Golubria      Tloc           30%        N/A       21%         4
 Lee's Rapid Deconstruct  Erth           18%        3d11*     26%         5
 Agony                    Necr           37%        N/A       28%         5
 Blade Hands              Tmut           18%        N/A       30%         5
 Tukima's Dance           Hex            13%        N/A       32%         3
 Leda's Liquefaction      Hex/Erth       12%        N/A       32%         4
 Iron Shot                Conj/Erth      23%        9d5       52%         6
 Yara's Violent Unravell  Hex/Tmut       12%        3d7       67%         5
 Metabolic Englaciation   Hex/Ice        12%        N/A       69%         5
 Cause Fear               Hex            6%         N/A       73%         4
 Statue Form              Tmut/Erth      24%        N/A       85%         6
 Summon Mana Viper        Hex/Summ       19%        N/A       86%         5
 Monstrous Menagerie      Summ           12%        N/A       100%        7
 Ozocubu's Refrigeration  Ice            17%        4d11      100%        7
 Borgnjor's Revivificati  Necr           18%        N/A       100%        8
 Discord                  Hex            6%         N/A       100%        8
 Lehudib's Crystal Spear  Conj/Erth      23%        10d7      100%        8
 Necromutation            Tmut/Necr      18%        N/A       100%        8
 Chain Lightning          Conj/Air       25%        3d33      100%        9
 Death's Door             Necr           18%        N/A       100%        9
 Fire Storm               Conj/Fire      20%        8d5       100%        9
 Shatter                  Erth           18%        3d17*     100%        9
 Animate Armour           Summ/Erth      Unusable   N/A       N/A         4

Dungeon Overview and Level Annotations

Branches:
Dungeon (15/15)            Temple (0/1) D:4            Lair (5/5) D:8
 Shoals (2/4) Lair:3        Snake (4/4) Lair:3        Slime (0/5) Lair:4
    Orc (2/2) D:12            Elf (0/3) Orc:2        Vaults (0/5) D:13
 Depths (0/4) D:15         Bailey (visited)         Volcano (visited)
Gauntlet (visited)

Altars:
Ashenzari
Dithmenos
Gozag
Hepliaklqana
Makhleb
Nemelex Xobeh
Qazlal
Ru
Trog
Uskayaw
Vehumet
Xom
Yredelemnul
Zin
The Shining One
Jiyva

Shops:
D:3 *   D:5 (   D:7 [   D:8 =[((   D:9 !=*   D:12 [   D:15 :   Orc:2 :(*[
Snake:1 =(?[*!:   Snake:2 (((

Annotations:
D:9 4 runed translucent doors
Lair:1 death yaks
Shoals:2 Donald
Snake:2 2 transporters, Valagong's ghost, journeyman MiFi
Snake:3 1 runed translucent door, Bai Suzhen; Bediveer's ghost, adept DsAr


Innate Abilities, Weirdness & Mutations

You cannot wear most types of armour.
You are amphibious.
You can wear up to eight rings at the same time.
Your skin changes colour to match your surroundings (Stealth+).
Your rubbery body absorbs attacks. (AC +1, EV +1)
You are camouflaged when in or above water. (Stealth+)
You have tentacles for arms and can constrict up to eight enemies at once.


Message History

Casting: Ozocubu's Armour (mildly dangerous; 3% risk of failure)
Confirm with . or Enter, or press ? or * to list all spells.
Aiming: Freezing Cloud (dangerous; 12% risk of failure)
Press: ? - help, Dir - move target, p - Donald You block the harpy's attack.
The harpy misses you.
Donald is engulfed in freezing vapours.
You block the harpy's attack. The harpy barely misses you.
Donald is engulfed in freezing vapours.
The harpy completely misses you. The harpy misses you.
Casting: Freezing Cloud (dangerous; 12% risk of failure)
Confirm with . or Enter, or press ? or * to list all spells.
Aiming: Sticky Flame (dangerous; 8% risk of failure)
Press: ? - help, Shift-Dir - straight line, f - Donald
Aim: Donald, wielding a +2 eveningstar of freezing, wearing a +3 chain mail of willpower and wearing a +0 kite shield of reflection (lightly wounded, fast, strong, reflecting blocked projectiles)
The sticky flame hits Donald!
Donald is moderately wounded.
Donald is covered in liquid flames!
Donald burns!
The merfolk impaler seems less confused.
Donald says, "What do potions have to do with a god of gold, anyway?"
Donald hits you with a +2 eveningstar of freezing!!
Donald freezes you.
* * * LOW HITPOINT WARNING * * *
The harpy barely misses you. You block the harpy's attack.
The harpy completely misses you. The harpy closely misses you.
Press: ? - help, v - describe, . - travel
Here: Donald, wielding a +2 eveningstar of freezing, wearing a +3 chain mail of willpower and wearing a +0 kite shield of reflection (moderately wounded, fast, strong, covered in liquid flames, reflecting blocked projectiles)
The floor, spattered with blood.
Unknown command.
Casting: Sticky Flame (dangerous; 8% risk of failure)
Confirm with . or Enter, or press ? or * to list all spells.
Your icy armour will break if you move.
Continue?
You blink.
Your icy armour cracks and falls away as you move.
Floosh!
You fall into the shallow water.
You are engulfed in freezing vapours.
You resist.
* * * LOW HITPOINT WARNING * * *
Donald burns!
Donald hits you with a +2 eveningstar of freezing!!!
You die...
Your body crumbles into a pile of gold.

~~~~~≈≈≈~~~~~~..........
..~~~≈~~~~~~~......#.)?.
....~~~~~~~~~.....###.[.
....~~~~.~~~~~~...# ..
.##...~.....~~...##
...........~~.....##
.~.......#.~~~~~H.§#
....##.....~~~~~H@##..~~~
.).###...~~~~~~☼@§H#.~~~.
...###...~~~~~≈§§§≈≈≈≈~..
~.......~~≈≈≈≈≈m§§≈≈≈~~..
~......~~~~~~~~~~~$≈≈~~..
~~......~~~~~~~~~~≈≈≈≈~~~
≈~~~.....~~..~~~~~~~≈≈≈~~
~~......[)...~~~~~~~≈≈≈≈≈
~~........##..~~~$H~~~≈≈≈
~~.......####...~$~≈≈≈≈≈~


You could see Donald (fast, strong, burning, reflecting), a merfolk impaler, a
manticore and 3 harpies.

Vanquished Creatures
  Vashnia (Snake:2)
  Nikola (Snake:2)
  Rupert (Snake:1)
  Jorgrun (Orc:1)
  Polyphemus (Shoals:2)
  Gastronok (Lair:3)
  Agnes (Snake:1)
  2 nagarajas (Snake:4)
  Aizul (Snake:1)
  2 orc warlords
  A red draconian (Volcano)
  Azrael (Snake:1)
  A minotaur (Gauntlet)
  A merfolk javelineer (Shoals:1)
  2 ettins
  A merfolk impaler (Shoals:1)
  Josephine (Shoals:1)
  An entropy weaver (shapeshifter) (D:12)
  2 fire dragons (Lair:5)
  Harold (D:9)
  Erolcha (D:13)
  7 hydras
  3 catoblepae
  11 anacondas
  A boulder beetle (D:12)
  10 centaur warriors
  A merfolk avatar (Shoals:1)
  An ogre mage (D:15)
  2 dancing weapons
  2 merfolk aquamancers (Shoals:1)
  7 two-headed ogres
  A tengu warrior (D:15)
  9 death yaks
  18 naga warriors
  2 orc high priests (Orc:2)
  8 shock serpents
  19 naga sharpshooters
  Nergalle (Lair:3)
  6 skeletal warriors
  A fire crab (shapeshifter) (D:14)
  6 salamander mystics
  10 naga ritualists
  7 sea snakes
  2 deep trolls (D:15)
  A swamp dragon (Lair:5)
  Pikel (D:4)
  4 lindwurms
  2 deep elf zephyrmancers (D:10)
  A necromancer (D:15)
  10 harpies
  3 orc knights
  A wizard (D:15)
  A deep elf pyromancer (D:15)
  19 mana vipers
  12 cyclopes
  22 salamanders
  4 orc sorcerers
  An oklob plant (Lair:5)
  6 manticores
  8 fauns (Shoals:1)
  8 elephants
  51 black mambas
  3 molten gargoyles
  2 merfolk sirens
  A water nymph (Shoals:2)
  A black mamba (shapeshifter) (D:13)
  7 torpor snails
  6 guardian serpents
  22 naga magi
  4 gargoyles
  An unseen horror (D:13)
  7 cane toads
  3 yaktaurs (Volcano)
  6 komodo dragons
  3 tengu conjurers (D:15)
  A komodo dragon (shapeshifter) (D:14)
  4 rime drakes
  3 meliai (D:15)
  8 merfolk
  8 hornets
  6 polar bears
  3 trolls
  3 tyrant leeches (Lair:5)
  24 blink frogs
  4 snapping turtles
  A wind drake (Shoals:2)
  A raiju (Gauntlet)
  7 water elementals
  6 wyverns
  14 slime creatures
  57 yaks
  A vampire (D:10)
  5 wraiths (Shoals:1)
  6 fire elementals (Snake:2)
  2 fire bats (Volcano)
  6 basilisks
  9 steam dragons
  3 wargs (Orc:2)
  Menkaure (D:7)
  2 acid dragons
  56 nagas
  2 hell hounds (Snake:2)
  19 water moccasins
  35 orc warriors
  3 swamp drakes
  2 sky beasts
  A black bear (D:7)
  10 ogres
  4 centaurs
  19 wolves
  5 boggarts (D:15)
  2 kobold brigands
  2 lemures (D:3)
  A phantom (D:6)
  11 bullfrogs
  A gnoll sergeant (D:9)
  2 scorpions
  3 necrophages
  6 killer bees
  6 howler monkeys
  5 electric eels
  2 crimson imps
  6 lava snakes (Volcano)
  17 orc priests
  6 hounds
  A gnoll bouda (D:11)
  An iron imp (D:10)
  3 jellies
  Crazy Yiuf (D:2)
  9 iguanas
  19 orc wizards
  4 hell rats (Lair:2)
  9 gnolls
  6 adders
  A shadow imp (D:10)
  2 white imps
  2 worms (D:2)
  4 dart slugs
  78 orcs
  6 ball pythons
  3 bats
  5 endoplasms
  2 giant cockroaches
  7 hobgoblins
  8 jackals (D:4)
  29 kobolds
  3 quokkas
  6 frilled lizards
  15 goblins
  2 rats (D:3)
1018 creatures vanquished.

Vanquished Creatures (collateral kills)
  A naga sharpshooter (Snake:2)
  A harpy (Shoals:2)
2 creatures vanquished.

Vanquished Creatures (others)
  A nagaraja (Snake:4)
  A guardian serpent (Snake:4)
  A naga mage (Snake:4)
  An iguana (Lair:5)
  49 fungi
  99 plants
152 creatures vanquished.

Grand Total: 1172 creatures vanquished

Notes
Turn   | Place    | Note
-------+----------+-------------------------------------------
     0 | D:5      | Esekla the Octopode Delver began the quest for the Orb.
     0 | D:5      | Reached XP level 1. HP: 16/16 MP: 1/1
     7 | D:5      | Found Essuagil's Antique Weapon Shop.
    41 | D:5      | Found a glowing golden altar of the Shining One.
    78 | D:5      | Found a stormy altar of Qazlal.
   108 | D:5      | Noticed an iguana
   157 | D:5      | Found an opulent altar of Gozag.
   160 | D:5      | Found a shimmering altar of Xom.
   171 | D:5      | Found a hazy altar of Hepliaklqana.
   172 | D:5      | Found a shadowy altar of Dithmenos.
   173 | D:5      | Found a sparkling altar of Nemelex Xobeh.
   179 | D:5      | Found a glowing silver altar of Zin.
   180 | D:5      | Found a basalt altar of Yredelemnul.
   244 | D:5      | Noticed an orc wizard
   311 | D:5      | Noticed a hound
   320 | D:5      | Killed a hound
   321 | D:5      | Reached skill level 1 in Spellcasting
   321 | D:5      | Reached XP level 2. HP: 2/21 MP: 1/3
   321 | D:5      | Reached XP level 3. HP: 3/26 MP: 1/4
   644 | D:5      | Became a worshipper of Gozag Ym Sagoz the Greedy
   713 | D:4      | Noticed Pikel
   713 | D:4      | Noticed a lemure
   713 | D:4      | Noticed a lemure
   916 | D:2      | Found a shadowy altar of Dithmenos.
  1002 | D:2      | Reached XP level 4. HP: 31/31 MP: 5/5
  2195 | D:2      | Found a runed translucent door.
  2196 | D:2      | Noticed Crazy Yiuf
  2204 | D:2      | Killed Crazy Yiuf
  2205 | D:2      | Reached XP level 5. HP: 36/36 MP: 7/7
  2352 | D:3      | Found Pehetwio's General Store.
  2377 | D:3      | Bought a scroll of teleportation for 42 gold pieces
  2399 | D:3      | Found a burning altar of Makhleb.
  2400 | D:3      | Found a radiant altar of Vehumet.
  2411 | D:3      | Reached skill level 3 in Dodging
  2411 | D:3      | Reached skill level 1 in Shields
  3004 | D:4      | Found a staircase to the Ecumenical Temple.
  3014 | D:4      | Reached skill level 1 in Translocations
  3097 | D:4      | Reached XP level 6. HP: 43/43 MP: 9/9
  3724 | D:4      | Killed Pikel
  3725 | D:4      | Reached XP level 7. HP: 31/49 MP: 9/11
  3762 | D:5      | Bought a glowing long sword for 175 gold pieces
  3762 | D:5      | Bought a glowing long sword for 175 gold pieces
  3851 | D:3      | Bought a book of Spatial Translocations for 252 gold pieces
  3854 | D:3      | Learned a level 2 spell: Blink
  3857 | D:3      | Learned a level 2 spell: Searing Ray
  4023 | D:5      | Reached skill level 4 in Dodging
  4039 | D:5      | Reached XP level 8. HP: 54/54 MP: 12/12
  4486 | D:6      | Reached skill level 5 in Fighting
  4486 | D:6      | Reached skill level 1 in Conjurations
  5178 | D:7      | Reached XP level 9. HP: 61/61 MP: 15/15
  5179 | D:7      | Reached skill level 5 in Long Blades
  5292 | D:7      | Found Decen's Antique Armour Boutique.
  5300 | D:7      | Reached skill level 5 in Dodging
  5610 | D:7      | Noticed Menkaure
  5627 | D:7      | Killed Menkaure
  5981 | D:8      | Noticed a troll
  6437 | D:8      | Found Tusois's Armour Shoppe.
  6499 | D:8      | Reached skill level 5 in Spellcasting
  6996 | D:9      | Found a flagged portal.
  6996 | D:9      | Found a sacrificial altar of Ru.
  7097 | D:9      | Found Udargh's Distillery.
  7164 | D:9      | Found a broken altar of Ashenzari.
  7225 | D:9      | Found Hummilla's Assorted Antiques.
  7233 | D:9      | Bought a fuming silvery potion for 20 gold pieces
  7233 | D:9      | Bought a fuming silvery potion for 20 gold pieces
  7233 | D:9      | Bought a scroll labelled ZUIRPH FOCOONNENWIR for 23 gold
                  | pieces
  7233 | D:9      | Bought a scroll of identify for 46 gold pieces
  7291 | D:9      | Noticed a two-headed ogre
  7301 | D:9      | Noticed a two-headed ogre
  7308 | D:9      | Noticed Harold
  7358 | D:8      | Reached skill level 6 in Dodging
  7361 | D:8      | Reached XP level 10. HP: 68/69 MP: 17/17
  7502 | Bailey   | Entered a bailey
  7553 | Bailey   | Noticed an orc warlord
  7611 | Bailey   | Found the +8 mithril axe "Arga" {speed, Will+}
  7696 | Bailey   | Found a runed translucent gate.
  7696 | Bailey   | Found a runed translucent gate.
  7729 | Bailey   | Found a runed translucent gate.
  7834 | Bailey   | Killed an orc warlord
  8125 | D:9      | Found Oluoxus's Jewellery Boutique.
  8126 | D:9      | Found a huge runed translucent gate.
  8130 | D:9      | Found a huge runed translucent gate.
  8130 | D:9      | Found a huge runed translucent gate.
  8130 | D:9      | Noticed a manticore
  8133 | D:9      | Bought a +4 ring of protection for 468 gold pieces
  8145 | D:9      | Found a huge runed translucent gate.
  8591 | D:9      | Killed a two-headed ogre
  8592 | D:9      | Reached skill level 7 in Dodging
  8592 | D:9      | Reached skill level 5 in Shields
  8909 | D:9      | Killed Harold
  8910 | D:9      | Reached XP level 11. HP: 40/77 MP: 20/20
  9417 | D:8      | Killed a two-headed ogre
  9577 | D:8      | Found a staircase to the Lair.
 10509 | Lair:1   | Entered Level 1 of the Lair of Beasts
 10820 | Lair:1   | Reached skill level 8 in Dodging
 10860 | Lair:1   | Noticed a death yak
 10860 | Lair:1   | Noticed a death yak
 10930 | Lair:1   | Identified the +4 ring mail of Lust {Regen+ Dex+5}
 11291 | Lair:1   | Reached skill level 5 in Conjurations
 11649 | Lair:1   | Noticed a death yak
 12102 | D:10     | Entered Level 10 of the Dungeon
 12206 | D:10     | Found a hide-covered altar of Uskayaw.
 12758 | D:10     | Noticed a deep elf zephyrmancer
 12763 | D:10     | Reached XP level 12. HP: 84/84 MP: 23/23
 12790 | D:10     | Identified the -1 hat of the Arena {+Blink rN+ Will+}
 12791 | D:10     | Identified the +2 hat "Denuni" {Str+3}
 12809 | D:10     | Learned a level 3 spell: Mephitic Cloud
 12828 | D:11     | Noticed a two-headed ogre
 12828 | D:11     | Noticed a two-headed ogre
 12910 | D:11     | Killed a two-headed ogre
 12911 | D:11     | Reached skill level 1 in Poison Magic
 13083 | D:11     | Killed a two-headed ogre
 13084 | D:11     | Reached skill level 1 in Air Magic
 13652 | D:11     | Noticed a two-headed ogre
 13677 | D:11     | Killed a two-headed ogre
 14150 | D:12     | Noticed an entropy weaver
 14154 | D:12     | Reached skill level 9 in Dodging
 14168 | D:12     | Killed an entropy weaver
 14270 | D:12     | Found a gate leading to a gauntlet.
 14348 | Gauntlet | Entered a Gauntlet
 14348 | Gauntlet | Found a transporter.
 14355 | Gauntlet | Found a transporter.
 14357 | Gauntlet | Found a transporter.
 14372 | Gauntlet | Found a transporter.
 14374 | Gauntlet | Found a transporter.
 14376 | Gauntlet | Noticed a wretched star
 14387 | Gauntlet | Found a transporter.
 14400 | Gauntlet | Found a transporter.
 14401 | Gauntlet | Found the +8 longbow "Zephyr" {speed, Dex+3 SInv}
 14401 | Gauntlet | Noticed a cacodemon
 14408 | Gauntlet | Noticed a hell beast
 14413 | Gauntlet | Found a transporter.
 14420 | Gauntlet | Found a transporter.
 14422 | Gauntlet | Noticed a catoblepas
 14434 | Gauntlet | Found a transporter.
 14443 | Gauntlet | Found a transporter.
 14445 | Gauntlet | Found a transporter.
 14522 | Gauntlet | Identified the ring of Buenlaefuawk {rElec rF+ rCorr SInv}
 14619 | Gauntlet | Found a transporter.
 14761 | Gauntlet | Killed a catoblepas
 14775 | Gauntlet | Identified the +9 hand axe of Causality {heavy, rF+ Dex+3}
 14831 | Gauntlet | Noticed a minotaur
 14859 | Gauntlet | Killed a minotaur
 14867 | Gauntlet | Identified the +7 chain mail of Gaotsev {Str+3}
 14987 | D:12     | Found a staircase to the Orcish Mines.
 15035 | D:11     | Reached XP level 13. HP: 59/91 MP: 25/25
 15183 | D:12     | Found Nixigait's Armour Boutique.
 15702 | D:8      | Bought the ring of Odai {rPois rF+ rC+} for 777 gold pieces
 15771 | Orc:1    | Entered Level 1 of the Orcish Mines
 16072 | Orc:1    | Found a dark tunnel.
 16081 | Volcano  | Entered a volcano
 16224 | Volcano  | Reached skill level 10 in Fighting
 16370 | Volcano  | Found a burning altar of Makhleb.
 16441 | Volcano  | Noticed a red draconian
 16452 | Volcano  | Killed a red draconian
 16584 | Orc:1    | Noticed Jorgrun
 16617 | Orc:1    | Killed Jorgrun
 16618 | Orc:1    | Reached skill level 10 in Long Blades
 16618 | Orc:1    | Reached skill level 10 in Dodging
 17160 | Orc:2    | Entered Level 2 of the Orcish Mines
 17378 | Orc:2    | Noticed an ettin
 17507 | D:8      | Bought the amulet of Vitality {RegenMP++ Regen++} for 1800
                  | gold pieces
 17507 | D:8      | Found the amulet of Vitality {RegenMP++ Regen++}
 18193 | Lair:2   | Reached skill level 5 in Poison Magic
 18294 | Lair:2   | Reached XP level 14. HP: 98/98 MP: 27/27
 18983 | Lair:3   | Found a staircase to the Shoals.
 19320 | Lair:3   | Found a staircase to the Snake Pit.
 19338 | Lair:3   | Noticed Gastronok
 19416 | Lair:3   | Noticed Nergalle
 19435 | Lair:3   | Killed Nergalle
 19463 | Lair:3   | Learned a level 1 spell: Apportation
 19496 | Lair:3   | Killed Gastronok
 20356 | Lair:4   | Found a staircase to the Slime Pits.
 20356 | Lair:4   | Found a viscous altar of Jiyva.
 20492 | Lair:4   | Reached skill level 5 in Air Magic
 21101 | Lair:5   | Entered Level 5 of the Lair of Beasts
 21128 | Lair:5   | Reached skill level 11 in Dodging
 21157 | Lair:5   | Reached skill level 10 in Spellcasting
 21744 | Lair:5   | Identified the +5 quarterstaff "Tuomem" {heavy, Str+3}
 21792 | Lair:5   | Found a runed translucent door.
 21869 | Lair:5   | Reached XP level 15. HP: 104/107 MP: 29/29
 22753 | Lair:5   | Learned a level 2 spell: Poisonous Vapours
 23623 | Orc:2    | Noticed an orc warlord
 24006 | Orc:2    | Found a staircase to the Elven Halls.
 24323 | Orc:2    | Found Qidyohog's Antique Weapon Emporium.
 24326 | Orc:2    | Found Ecvudd Foqe's Antique Armour Emporium.
 24364 | Orc:2    | Killed an orc warlord
 24401 | Orc:2    | Found Gogh's General Store.
 24423 | Orc:2    | Found Getuc's Book Emporium.
 24509 | Orc:2    | Bought a scroll of identify for 30 gold pieces
 24509 | Orc:2    | Bought a scroll of identify for 30 gold pieces
 24627 | Orc:2    | Bought the +8 lance "Wyrmbane" {slay drac, rPois rF+ rC+
                  | AC+3} for 1696 gold pieces
 24627 | Orc:2    | Found the +8 lance "Wyrmbane" {slay drac, rPois rF+ rC+
                  | AC+3}
 24627 | Orc:2    | Acquired a +1 double sword of electrocution
 24632 | Orc:2    | Acquired 666 gold pieces
 24634 | Orc:2    | Acquired the ring "Hidydiff" {rPois Int+3 Dex+6}
 24712 | D:13     | Noticed Erolcha
 24776 | D:13     | Killed Erolcha
 24848 | D:13     | Reached skill level 1 in Polearms
 24851 | D:13     | Found a bloodstained altar of Trog.
 24972 | D:13     | Found a gate to the Vaults.
 25157 | D:13     | Learned a level 4 spell: Airstrike
 25162 | D:13     | Learned a level 4 spell: Summon Lightning Spire
 25590 | D:14     | Reached skill level 1 in Summonings
 25825 | D:14     | Reached skill level 12 in Dodging
 25843 | D:14     | Found a radiant altar of Vehumet.
 26218 | D:15     | Entered Level 15 of the Dungeon
 26221 | D:15     | Found Hipsat's Book Emporium.
 26231 | D:15     | Bought a manual of Conjurations for 960 gold pieces
 26231 | D:15     | Bought the Precepts of the Snowflakes for 360 gold pieces
 26231 | D:15     | Bought Ozocubu's Autobiography for 288 gold pieces
 26235 | D:15     | Learned a level 3 spell: Ozocubu's Armour
 26241 | D:15     | Learned a level 5 spell: Freezing Cloud
 26386 | D:15     | Reached XP level 16. HP: 106/114 MP: 30/30
 26529 | D:15     | Reached skill level 1 in Earth Magic
 26540 | D:15     | Reached skill level 1 in Ice Magic
 26588 | D:15     | Found a staircase to the Depths.
 26786 | D:15     | Reached skill level 1 in Transmutations
 27357 | Snake:1  | Entered Level 1 of the Snake Pit
 27451 | Snake:1  | Reached skill level 10 in Shields
 27881 | Snake:1  | Noticed Rupert
 27922 | Snake:1  | Killed Rupert
 27996 | Snake:1  | Found Fafoyr's Weapon Boutique.
 27997 | Snake:1  | Found Juhot's Magic Scroll Boutique.
 27997 | Snake:1  | Found Ammovise's Jewellery Shoppe.
 28001 | Snake:1  | Found Nennux's Distillery.
 28001 | Snake:1  | Found Tuon's Assorted Antiques.
 28002 | Snake:1  | Found Wis Ugoa's Armour Boutique.
 28017 | Snake:1  | Noticed Aizul
 28095 | Snake:1  | Bought a twisted glass ring for 130 gold pieces
 28095 | Snake:1  | Bought a potion of heal wounds for 130 gold pieces
 28107 | Snake:1  | Bought a potion of heal wounds for 70 gold pieces
 28211 | Snake:1  | Killed Aizul
 28378 | Snake:1  | Noticed Agnes
 28547 | Snake:1  | Killed Agnes
 28746 | Snake:1  | Bought Dyopuxuu's Reference Book on the Pyromaniac for 208
                  | gold pieces
 28746 | Snake:1  | Bought a manual of Dodging for 1040 gold pieces
 28752 | Snake:1  | Acquired 1170 gold pieces
 28760 | Snake:1  | Bought a book of Necromancy for 312 gold pieces
 28760 | Snake:1  | Bought the Codex of Pragmatism for 260 gold pieces
 28764 | Snake:1  | Learned a level 3 spell: Ignite Poison
 28769 | Snake:1  | Learned a level 4 spell: Sticky Flame
 28773 | Snake:1  | Learned a level 3 spell: Vampiric Draining
 28999 | Snake:2  | Found a transporter.
 28999 | Snake:2  | Found a transporter.
 29108 | Snake:2  | Noticed Azrael
 29158 | Snake:1  | Killed Azrael
 29280 | Snake:2  | Reached skill level 1 in Necromancy
 29453 | Snake:2  | Found Lacesmoecs's Weapon Shop.
 29493 | Snake:2  | Identified the +1 chain mail "Nowun" {rF+ Will- Str+4}
 29504 | Snake:2  | Noticed Valagong's ghost (journeyman MiFi)
 29649 | Snake:2  | Reached XP level 17. HP: 118/121 MP: 32/32
 29824 | Snake:2  | Noticed Vashnia
 29929 | Snake:2  | Found a bloodstained altar of Trog.
 30008 | Snake:2  | Killed Vashnia
 30289 | Orc:2    | Bought a scroll of enchant armour for 112 gold pieces
 30729 | Snake:2  | Found Weamp's Antique Weapon Emporium.
 30752 | Snake:2  | Found Derosev's Weapon Emporium.
 30889 | Snake:3  | Noticed Nikola
 30906 | Snake:2  | Killed Nikola
 30943 | Snake:2  | Reached skill level 13 in Dodging
 30976 | Snake:3  | Noticed Bai Suzhen
 31331 | Snake:3  | Reached skill level 5 in Polearms
 31678 | Snake:3  | Found a runed translucent door.
 31678 | Snake:3  | Noticed Bediveer's ghost (adept DsAr)
 32287 | Snake:4  | Entered Level 4 of the Snake Pit
 32864 | Snake:4  | Reached XP level 18. HP: 117/128 MP: 28/34
 33541 | D:8      | Bought a runed long sword for 149 gold pieces
 34205 | Snake:4  | Reached skill level 5 in Ice Magic
 34348 | Snake:4  | Reached skill level 5 in Earth Magic
 34350 | Snake:4  | Reached skill level 14 in Dodging
 34382 | Snake:4  | Reached skill level 5 in Necromancy
 34452 | Snake:4  | Identified the +3 hat of Ugyt {rN++ Will+}
 34505 | Snake:4  | Reached skill level 5 in Transmutations
 34510 | Snake:4  | Reached skill level 1 in Fire Magic
 34512 | Snake:4  | Reached skill level 10 in Conjurations
 34540 | Snake:4  | Got a serpentine rune of Zot
 34804 | Shoals:1 | Entered Level 1 of the Shoals
 35346 | Shoals:1 | Noticed Josephine
 35359 | Shoals:1 | Identified the +0 trident of Luubiece {protect, Int+3}
 35369 | Shoals:1 | Killed Josephine
 35784 | Shoals:2 | Noticed Polyphemus
 35833 | Shoals:2 | Killed Polyphemus
 36269 | Shoals:2 | Reached XP level 19. HP: 111/134 MP: 35/35
 36438 | Shoals:2 | Noticed Donald
 36457 | Shoals:2 | Mangled by Donald

Illustrated notes

Levels and vault maps discovered:
D:1:      heliophobic_arrival_enchanted_forest, layout_loops_ring
D:2:      layout_basic, basic_altar, minmay_misc_feat_cross,
          kennysheep_generic_room_3, uniq_crazy_yiuf_cottage
D:3:      layout_basic, grunt_temple_overflow_lords_of_destruction,
          serial_shops, nicolae_square_shop
D:4:      layout_cave_pools, temple_fountains, uniq_pikel
D:5:      layout_basic, nicolae_overflow_hallway_of_the_gods,
          lemuel_coloured_pillars_altar, kennysheep_mini_moat, serial_shops,
          shop
D:6:      layout_loops_ring
D:7:      layout_cave_pods, serial_shops, nicolae_shop_waterfront, st_stairs_1,
          uniq_menkaure
D:8:      wad_pebble_path, layout_basic, erik_lair_island, serial_shops,
          nicolae_stop_n_shop_2
D:9:      lemuel_bear_cage, layout_layer_cave,
          mainiacjoe_overflow_catch_the_wave, serial_shops, nicolae_shop_trees,
          nicolae_stop_n_shop_1, shop, enter_bailey_5, uniq_harold
D:10:     layout_cave_pools, overflow_temple_1_default, hangedman_minor_magic
D:11:     layout_stronghold, dreamdust_gnoll_shepherd
D:12:     layout_cave_pools, orc_david_3, gauntlet_entry_generic,
          dreamdust_princess_bridge, minivault_19, minmay_misc_feat_x,
          st_stairs_14
D:13:     layout_cave_pools, erik_vaults_1, trog_ov_bears_minmay, uniq_erolcha
D:14:     layout_basic, vehumet_crystals
D:15:     hangedman_depths_entry_civil_slaughter, layout_stronghold,
          nicolae_figureground_pulse, serial_shops, nicolae_shop_statue_plus
Lair:1:   layout_loops_ring, grunt_megastairs_3
Lair:2:   layout_hall_layers, serial_bayou_lagoon_a
Lair:3:   layout_cave_pods, minmay_shoals_entry_hut,
          guppyfry_snake_entry_garden, minivault_11, st_stairs_13,
          lemuel_fruit_fields, uniq_gastronok, uniq_nergalle
Lair:4:   layout_regular_city, slime_entry_1, grunt_megastairs_4
Lair:5:   wormcave, layout_regular_city, guppyfry_lair_end_dragon,
          chequers_serial_rivers_room_a, infiniplex_staircase_pool_2,
          grunt_megastairs_1
Shoals:1: layout_shoals, uniq_josephine
Shoals:2: nicolae_shoals_mermall, layout_shoals, uniq_donald, uniq_polyphemus
Snake:1:  layout_layer_cave, nicolae_snake_serpentine_bazaar, uniq_aizul,
          uniq_agnes, uniq_rupert
Snake:2:  layout_grid_shapes, gammafunk_ghost_wrathful_warriors, serial_shops,
          nicolae_shop_behind_doors, nicolae_lakefront_shop, nicolae_shop_stone,
          grunt_megastairs_2, uniq_vashnia, uniq_azrael
Snake:3:  layout_cave_shapes, gammafunk_ghost_grave, uniq_nikola,
          uniq_bai_suzhen
Snake:4:  snake_pit_salamanders_mu, layout_concentric_octagons,
          serial_bayou_shore_a
Orc:1:    minmay_goldmine, layout_caves, enter_volcano_2, basic_altar,
          uniq_jorgrun
Orc:2:    grunt_orc_cross, layout_caves, nicolae_orc_rockfall, library_closet

Skill      XL: |  1  2  3  4  5  6  7  8  9 10 11 12 13 14 15 16 17 18 |
---------------+-------------------------------------------------------+-----
Spellcasting   | 1 2 3 4 5 6 7 8 9 10 11 12 | 12.5
Stealth        | 7 |  7.0
Dodging        | 3 4 6 7 8 9 10 11 12 13 14 | 14.6
Shields        | 1 2 3 4 5 6 7 9 10 | 10.0
Long Blades    | 3 4 6 7 8 9 10 11 12 13 | 13.6
Translocations | 1 2 3 4 |  4.0
Fighting       | 4 5 6 7 8 9 10 11 12 13 | 13.3
Conjurations   | 1 3 4 5 6 7 8 9 10 | 10.2
Poison Magic   | 3 5 6 7 8 |  8.1
Air Magic      | 3 4 5 6 7 |  7.9
Polearms       | 2 4 5 6 |  6.9
Summonings     | 1 3 |  3.0
Earth Magic    | 2 4 5 |  5.8
Ice Magic      | 3 4 5 |  5.4
Transmutations | 2 4 5 |  5.5
Necromancy     | 1 4 5 |  5.7
Fire Magic     | 2 |  2.7

Action                     |  1- 3 |  4- 6 |  7- 9 | 10-12 | 13-15 | 16-18 | 19-21 || total
---------------------------+-------+-------+-------+-------+-------+-------+-------++-------
  Melee: Falchion          |    35 |   130 |       |       |       |       |       ||   165
         Tentacles         |     7 |    31 |    43 |   174 |   423 |   423 |    13 ||  1114
         Constrict         |     9 |    35 |    36 |    88 |   148 |   133 |     5 ||   454
         Dagger            |       |    13 |    31 |    58 |    50 |    20 |       ||   172
         Punch             |       |     4 |     3 |    10 |    23 |    27 |       ||    67
         Long sword        |       |       |   146 |   488 |  1217 |  1212 |    26 ||  3089
         Scimitar          |       |       |       |       |    32 |       |       ||    32
         Lance             |       |       |       |       |       |    18 |       ||    18
  Throw: Dart              |       |       |     9 |    49 |    44 |     3 |       ||   105
         Boomerang         |       |       |       |     6 |    14 |    78 |       ||    98
   Cast: Searing Ray       |       |       |     1 |     1 |       |       |       ||     2
         Blink             |       |       |       |     7 |     3 |     5 |     2 ||    17
         Mephitic Cloud    |       |       |       |    17 |    70 |    25 |     2 ||   114
         Apportation       |       |       |       |       |    67 |   151 |     6 ||   224
         Freezing Cloud    |       |       |       |       |       |    49 |     1 ||    50
         Ozocubu's Armour  |       |       |       |       |       |    61 |     2 ||    63
         Sticky Flame      |       |       |       |       |       |    19 |     1 ||    20
         Poisonous Vapours |       |       |       |       |       |     4 |     2 ||     6
         Vampiric Draining |       |       |       |       |       |    17 |     1 ||    18
         Ignite Poison     |       |       |       |       |       |     2 |     1 ||     3
         Summon Lightning  |       |       |       |       |       |     2 |       ||     2
 Invoke: Call Merchant     |       |       |       |     1 |       |     3 |       ||     4
         Potion Petition   |       |       |       |       |       |     1 |       ||     1
  Evoke: Wand              |       |     3 |       |     2 |    10 |       |       ||    15
         Lightning rod     |       |       |       |     1 |     1 |       |       ||     2
    Use: Scroll            |     1 |     1 |    16 |    12 |    11 |    10 |       ||    51
         Potion            |       |       |     2 |    11 |     1 |     6 |       ||    20
   Stab: Sleeping          |     2 |    12 |    17 |    11 |    34 |    10 |     1 ||    87
         Distracted        |       |       |     2 |     5 |     6 |    17 |       ||    30
         Confused          |       |       |       |     3 |    43 |    27 |     3 ||    76
         Invisible         |       |       |       |     2 |       |       |       ||     2
 Armour: Skin              |     3 |     2 |    59 |   130 |   335 |   266 |    19 ||   814
  Dodge: Dodged            |    27 |    54 |   153 |   377 |   715 |   864 |    55 ||  2245
  Block: Kite shield       |       |    47 |     2 |     6 |   628 |  1194 |    56 ||  1933
         Reflection        |       |       |       |       |       |   110 |       ||   110

Table legend: (Time is in decaauts)
 A = Elapsed time spent in this place.
 B = Non-inter-level travel time spent in this place.
 C = Inter-level travel time spent in this place.
 D = Time resting spent in this place.
 E = Time spent auto-exploring this place.
 F = Levels seen in this place.
 G = Mean time per level.
                   A        B        C        D        E       F      G
               +--------+--------+--------+--------+--------+-----+--------+
         Total |  36387 |  33691 |   2696 |   5219 |   8516 |  31 | 1173.8 |
       Dungeon |  16636 |  15370 |   1266 |   2171 |   4652 |  15 | 1109.1 |
          Lair |   7073 |   6513 |    560 |   1038 |   1913 |   5 | 1414.6 |
        Shoals |   1610 |   1562 |     48 |    226 |    205 |   2 |  805.0 |
     Snake Pit |   6796 |   6194 |    602 |   1137 |   1227 |   4 | 1699.0 |
  Orcish Mines |   2799 |   2580 |    219 |    468 |    512 |   2 | 1399.5 |
        Bailey |    414 |    414 |      0 |     50 |      7 |   1 |  414.0 |
       Volcano |    491 |    491 |      0 |     32 |      0 |   1 |  491.0 |
      Gauntlet |    565 |    565 |      0 |     95 |      0 |   1 |  565.0 |
               +--------+--------+--------+--------+--------+-----+--------+

Top non-repeatable levels by time:
     D:8: 2585 daAuts
 Snake:4: 2045 daAuts
 Snake:1: 1960 daAuts
     D:9: 1859 daAuts
  Lair:5: 1834 daAuts
 Snake:2: 1755 daAuts
  Lair:1: 1687 daAuts
   Orc:2: 1658 daAuts
    D:11: 1361 daAuts
  Lair:3: 1282 daAuts
  Lair:4: 1170 daAuts
     D:7: 1160 daAuts
   Orc:1: 1141 daAuts
    D:12: 1141 daAuts
     D:3: 1139 daAuts
